 Dungeon Crawl Stone Soup version 0.28-a0-811-g00180f5fcc (webtiles) character file.

Game seed: 14006476612844260266

41 MacCMillion the Digger (level 3, -1/29 HPs)
             Began as a Troll Earth Elementalist on Nov 8, 2021.
             Was a Follower of Hepliaklqana.
             Slain by a goblin (5 damage)
             ... led by Robin
             ... on level 2 of the Dungeon.
             The game lasted 00:02:06 (891 turns).

MacCMillion the Digger (Troll Earth Elementalist)    Turns: 891, Time: 00:02:07

Health: -1/29      AC:  5    Str: 17    XL:     3   Next: 32%
Magic:  3/3        EV:  9    Int: 11    God:    Hepliaklqana [*.....]
Gold:   121        SH:  0    Dex: 10    Spells: 3/4 levels left

rFire   . . .      SeeInvis .     - Unarmed
rCold   . . .      Faith    .   (no shield)
rNeg    . . .      Spirit   .   b - +0 robe
rPois   .          Reflect  .   (helmet restricted)
rElec   .          Harm     .   e - +0 cloak
rCorr   .          Rampage  .   (gloves unavailable)
Will    .....                   (boots unavailable)
Stlth   +.........              (no amulet)
HPRegen 1.09/turn               (no ring)
MPRegen 0.08/turn               (no ring)

@: no status effects
A: reduced essence, large, unfitting armour, claws 3, regeneration 1, shaggy fur
1, tough skin 1
a: Renounce Religion, Recall Ancestor, Ancestor Identity


You were on level 2 of the Dungeon.
You worshipped Hepliaklqana.
Hepliaklqana was aware of your devotion.
You visited 1 branch of the dungeon, and saw 2 of its levels.

You collected 121 gold pieces.

Inventory:

Missiles
 c - 49 stones
Armour
 b - a +0 robe (worn)
 e - a +0 cloak (worn)
Scrolls
 a - 5 scrolls of identify {unknown}
 h - a scroll of amnesia {unknown}
Potions
 f - a potion of heal wounds {unknown}
 g - 2 potions of haste {unknown}
 i - a potion of might {unknown}
 j - a potion of curing {unknown}


   Skills:
 + Level 1.3 Fighting
 - Level 1.7 Dodging
 - Level 1.1 Stealth
 + Level 1.8 Unarmed Combat
 - Level 1.2 Spellcasting
 - Level 0.6 Transmutations
 - Level 2.8 Earth Magic


You had 3 spell levels left.
You knew the following spells:

 Your Spells              Type           Power      Damage    Failure   Level
a - Sandblast             Erth           12%        2d6       10%         1

Your spell library contained the following spells:

 Spells                   Type           Power      Damage    Failure   Level
 Passwall                 Tmut/Erth      3%         N/A       24%         2
 Stone Arrow              Conj/Erth      6%         3d7       47%         3
 Petrify                  Tmut/Erth      4%         N/A       83%         4


Dungeon Overview and Level Annotations

Branches:
Dungeon (2/15)

Altars:
Hepliaklqana

Annotations:
D:2 Robin


Innate Abilities, Weirdness & Mutations

Your life essence is reduced to manifest your ancestor. (-10% HP)
You are too large for most types of armour.
You have claws for hands.
Your natural rate of healing is unusually fast.
You are covered in fur. (AC +1)
You have tough skin. (AC +1)


Message History

You kill the goblin!
A giant cockroach comes into view.
You scratch the goblin.
You kill the goblin!
You barely miss the gnoll. The gnoll hits you with a +0 flail.
Dejan hits the gnoll.
You claw the gnoll!
The gnoll is severely wounded.
The gnoll hits you with a +0 flail!
Dejan barely misses the gnoll.
The gnoll barely misses Dejan.
A gnoll and Robin come into view.
Robin shouts!
Dejan hits the gnoll.
The gnoll hits Dejan with a +0 club.
You claw the gnoll!
You kill the gnoll!
Dejan barely misses the gnoll.
The gnoll hits Dejan with a +0 club.
Dejan hits the gnoll.
The gnoll hits Dejan with a +0 club.
Dejan is destroyed!
A goblin comes into view. It is wielding a +1 vorpal flail.
You scratch Robin.
Robin is moderately wounded.
Robin hits you with a +0 club.
You scratch Robin.
Robin is severely wounded.
Robin barely misses you. The gnoll hits you with a +0 club.
Robin throws the goblin at you!
You scratch the gnoll.
The gnoll is heavily wounded.
The goblin hits you with a +0 club. The gnoll hits you with a +0 club.
Robin roars a battlecry!
The goblins go into a battle-frenzy!
The gnoll barely misses you.
You miss the goblin. The goblin hits you with a +0 club.
The gnoll hits you with a +0 club!
* * * LOW HITPOINT WARNING * * *
A goblin comes into view. It is wielding a +0 dagger.
The gnoll hits you but does no damage.
It was a potion of cancellation.
You feel magically purged. The goblin hits you with a +0 club.
You die...

### ..# #.# .
#.# #
...g####g###.#
.
....ggBggg@g.#
.
...####g#g##.#
. g.###...# #
###.#.##.# #
####.## # #
#....# #
#.####
#######..##.#
.........##.#


You could see Robin, 2 gnolls, a giant cockroach, a hobgoblin (strong) and 6
goblins.

Vanquished Creatures
  A gnoll (D:2)
  An adder (D:2)
  5 goblins
  A hobgoblin (D:2)
  5 kobolds
  2 ball pythons (D:1)
  2 bats
  4 rats
21 creatures vanquished.

Vanquished Creatures (collateral kills)
  An endoplasm (D:1)
1 creature vanquished.

Vanquished Creatures (others)
  An ancestor (D:2)
1 creature vanquished.

Grand Total: 23 creatures vanquished

Notes
Turn   | Place    | Note
-------+----------+-------------------------------------------
     0 | D:1      | MacCMillion the Troll Earth Elementalist began the quest
                  | for the Orb.
     0 | D:1      | Reached XP level 1. HP: 16/16 MP: 1/1
   215 | D:1      | Found a faded altar of an unknown god.
   223 | D:1      | Prayed at the altar of an unknown god.
   223 | D:1      | Became a worshipper of Hepliaklqana the Forgotten
   223 | D:1      | Reached * piety under Hepliaklqana
   249 | D:1      | Reached XP level 2. HP: 21/21 MP: 2/2
   335 | D:1      | Reached skill level 1 in Unarmed Combat
   792 | D:2      | Reached skill level 1 in Fighting
   866 | D:2      | Reached XP level 3. HP: 29/29 MP: 3/3
   883 | D:2      | Noticed Robin
   891 | D:2      | Slain by a goblin

Illustrated notes

Levels and vault maps discovered:
D:1:      minmay_arrival_cross, layout_basic,
          hellmonk_ecumenical_altar_pennies_from_heaven
D:2:      layout_loops_ring, grunt_decor_cap, item_on_display_a, uniq_robin

Skill      XL: |  1  2 |
---------------+-------+-----
Unarmed Combat | 1 |  1.8
Fighting       | 1 |  1.3
Dodging        | |  1.7
Stealth        | |  1.1
Spellcasting   | |  1.2
Transmutations | |  0.6
Earth Magic    | |  2.8

Action                   || total
-------------------------++-------
Melee: Unarmed           ||    82
  Use: Potion            ||     1
 Stab: Sleeping          ||     3
Armor: Robe              ||    22
Dodge: Dodged            ||    43

Table legend: (Time is in decaauts)
 A = Elapsed time spent in this place.
 B = Non-inter-level travel time spent in this place.
 C = Inter-level travel time spent in this place.
 D = Time resting spent in this place.
 E = Time spent auto-exploring this place.
 F = Levels seen in this place.
 G = Mean time per level.
                   A        B        C        D        E       F      G
               +--------+--------+--------+--------+--------+-----+--------+
         Total |    893 |    876 |     17 |      0 |    673 |   2 |  446.5 |
       Dungeon |    893 |    876 |     17 |      0 |    673 |   2 |  446.5 |
               +--------+--------+--------+--------+--------+-----+--------+

Top non-repeatable levels by time:
     D:1: 720 daAuts
     D:2: 172 daAuts
